 Dungeon Crawl Stone Soup version 0.21.1-1-g345015f (webtiles) character file.

4055 LairdRich the Cleaver (level 10, -8/81 HPs)
             Began as a Minotaur Berserker on June 13, 2018.
             Was a High Priest of Trog.
             Mangled by a death yak (20 damage)
             ... on level 9 of the Dungeon.
             The game lasted 00:35:19 (9812 turns).

LairdRich the Cleaver (Minotaur Berserker)          Turns: 9812, Time: 00:35:20

Health: -8/81      AC: 11    Str: 22    XL:     10   Next: 4%
Magic:  9/9        EV: 11    Int:  4    God:    Trog [*****.]
Gold:   428        SH: 16    Dex: 13    Spells: 9/9 levels left

rFire    + . .     SeeInvis .   a - +1 war axe
rCold    + . .     Gourm    .   q - +2 large shield
rNeg     . . .     Faith    +   f - +1 ring mail
rPois    +         Spirit   .   (helmet restricted)
rElec    .         Reflect  .   l - scarf {rC+ rF+}
rCorr    .         Harm     .   u - +2 pair of gloves
MR       +....                  (no boots)
Stlth    +.........             r - amulet of faith
HPRegen  0.23/turn              n - ring of protection from magic
MPRegen  0.11/turn              o - ring of flight

@: no status effects
A: retaliatory headbutt, horns 2, frail 1, poison resistance
a: Berserk, Trog's Hand, Brothers in Arms, Burn Spellbooks, Renounce Religion,
Evoke Flight


You were on level 9 of the Dungeon.
You worshipped Trog.
Trog was extremely pleased with you.
You were not hungry.

You visited 1 branch of the dungeon, and saw 9 of its levels.

You collected 428 gold pieces.

Inventory:

Hand Weapons
 a - a +1 war axe (weapon)
 b - a +0 mace of crushing
Missiles
 y - 4 steel javelins (quivered)
Armour
 f - a +1 ring mail (worn)
 l - a scarf of resistance (worn)
 q - a +2 large shield (worn)
 u - a +2 pair of gloves (worn)
 w - a +0 plate armour
Jewellery
 n - a ring of protection from magic (left hand)
 o - a ring of flight (right hand)
 r - an amulet of faith (around neck)
Wands
 k - a wand of iceblast (11)
 x - a wand of flame (33)
 A - a wand of polymorph (13)
 B - a wand of enslavement (12)
Scrolls
 d - a scroll of magic mapping
 e - 4 scrolls of teleportation
 g - 3 scrolls of identify
 j - 3 scrolls of remove curse
 s - a scroll of enchant weapon
 z - a scroll of blinking
Potions
 h - 4 potions of heal wounds
 m - a potion of resistance
 p - 3 potions of lignification
 t - 2 potions of curing {unknown}
 v - a potion of flight
 C - a potion of haste
Comestibles
 c - 16 rations


   Skills:
 + Level 9.3 Fighting
 * Level 9.6 Axes
 + Level 8.8 Armour
 + Level 8.0 Dodging
 + Level 2.6 Shields


You had 9 spell levels left.
You didn't know any spells.

Dungeon Overview and Level Annotations

Branches:
Dungeon (9/15)             Temple (0/1) D:6
   Lair: D:8-11         Orc: D:9-12

Altars:
Ashenzari
Qazlal

Annotations:
D:8 1 runed door


Innate Abilities, Weirdness & Mutations

You reflexively headbutt those who attack you in melee.
You have a pair of horns on your head.
You are frail. (-10% HP)
Your system is resistant to poisons. (rPois)


Message History

You are too injured to fight recklessly!
You barely miss the death yak.
You headbutt the death yak, but do no damage.
The death yak is severely wounded.
You hit the death yak but do no damage.
The death yak gores you but does no damage.
You block the death yak's attack.
You hit the death yak but do no damage. You headbutt the death yak.
The death yak is severely wounded.
You hit the death yak but do no damage. You block the death yak's attack.
The death yak misses you.
You hit the death yak but do no damage.
The death yak is severely wounded.
You hit the death yak but do no damage. You block the death yak's attack.
The death yak gores you! x2
* * * LOW HITPOINT WARNING * * *
The death yak gores you!
* * * LOW HITPOINT WARNING * * *
The death yak gores you!!
You die...

# # # # .# .#. #
#.# ....#. #.# ..
.#...Y##########.#
...
#...YYYY#........#
#.. #@.........#
#..
.=....Y##........#
#.##
....##..#........#
#..# ..
##>...#####.#
#..## ##..## #.#
#...## ##.# #.#
#.#..## #..# #[#
#.##..## #..## #.#
###.###..## #...##
##.#


You could see 6 death yaks.

Vanquished Creatures
  A troll (D:9)
  A hippogriff (D:7)
  2 orc warriors
  4 ice beasts
  2 sky beasts
  4 phantoms
  2 ogres
  A centaur (D:8)
  A big kobold (D:7)
  4 bullfrogs
  A scorpion (D:4)
  A wyvern skeleton (D:7)
  A water moccasin skeleton (D:7)
  7 killer bees (D:8)
  3 wights (D:7)
  A bullfrog zombie (D:6)
  A centaur zombie (D:9)
  A crimson imp (D:7)
  A jelly (D:5)
  5 orc priests
  2 hounds
  13 orc wizards
  A bullfrog skeleton (D:8)
  A centaur skeleton (D:9)
  Jessica (D:3)
  7 iguanas
  3 worker ants
  A hound skeleton (D:5)
  2 worker ant zombies (D:6)
  Robin (D:3)
  7 gnolls
  9 adders
  2 shadow imps
  2 oozes
  An adder skeleton (D:5)
  2 worms
  4 dart slugs
  3 leopard geckos
  41 orcs
  A ball python (D:4)
  8 bats
  6 giant cockroaches
  21 goblins
  7 hobgoblins
  16 jackals
  8 kobolds
  5 quokkas
  5 frilled lizards
  2 leopard gecko skeletons
  8 rats
234 creatures vanquished.

Notes
Turn   | Place    | Note
-------+----------+-------------------------------------------
     0 | D:1      | LairdRich the Minotaur Berserker began the quest for the Orb.
     0 | D:1      | Reached XP level 1. HP: 19/19 MP: 0/0
   216 | D:1      | Reached XP level 2. HP: 27/27 MP: 1/1
   538 | D:1      | Reached ** piety under Trog
   576 | D:1      | Reached XP level 3. HP: 33/33 MP: 2/2
   886 | D:2      | Noticed an ogre
   892 | D:2      | Killed an ogre
   892 | D:2      | Reached XP level 4. HP: 41/41 MP: 3/3
  1169 | D:2      | Reached XP level 5. HP: 42/47 MP: 4/4
  1737 | D:2      | Reached skill level 5 in Axes
  1982 | D:2      | Found a shattered altar of Ashenzari.
  2003 | D:2      | Reached skill level 5 in Fighting
  2235 | D:3      | Found a stormy altar of Qazlal.
  2238 | D:3      | Reached *** piety under Trog
  2360 | D:3      | Reached XP level 6. HP: 56/56 MP: 5/5
  2368 | D:3      | Received a gift from Trog
  2934 | D:3      | Noticed Robin
  2960 | D:3      | Killed Robin
  3066 | D:3      | Noticed Jessica
  3078 | D:3      | Killed Jessica
  3548 | D:4      | Reached skill level 5 in Armour
  3548 | D:4      | Reached XP level 7. HP: 34/62 MP: 6/6
  3981 | D:4      | Found a transporter.
  4446 | D:4      | Found a transporter.
  4472 | D:4      | Reached skill level 5 in Dodging
  4474 | D:4      | Reached **** piety under Trog
  4992 | D:5      | Entered Level 5 of the Dungeon
  5013 | D:5      | Gained mutation: You are agile. (Dex +2) [potion of mutation]
  5013 | D:5      | Gained mutation: You are frail. (-10% HP) [potion of mutation]
  5013 | D:5      | Lost mutation: You are agile. (Dex +2) [potion of mutation]
  5013 | D:5      | Gained mutation: Your system is resistant to poisons. (rPois) [potion of mutation]
  5363 | D:5      | Reached XP level 8. HP: 63/63 MP: 7/7
  6562 | D:6      | Reached ***** piety under Trog
  7208 | D:6      | Received a gift from Trog
  7225 | D:6      | Found a staircase to the Ecumenical Temple.
  7732 | D:7      | Noticed a hippogriff
  7738 | D:7      | Killed a hippogriff
  7738 | D:7      | Reached XP level 9. HP: 71/72 MP: 8/8
  8663 | D:8      | Found a runed door.
  8663 | D:8      | Noticed a sixfirhy
  8712 | D:8      | Reached skill level 1 in Shields
  9600 | D:9      | Noticed a troll
  9608 | D:9      | Killed a troll
  9608 | D:9      | Reached XP level 10. HP: 53/81 MP: 9/9
  9770 | D:9      | Received a gift from Trog
  9799 | D:9      | Noticed a death yak
  9799 | D:9      | Noticed a death yak
  9800 | D:9      | Noticed a death yak
  9804 | D:9      | Noticed a death yak
  9805 | D:9      | Noticed a death yak
  9806 | D:9      | Noticed a death yak
  9812 | D:9      | Mangled by a death yak

Skill      XL: |  1  2  3  4  5  6  7  8  9 |
---------------+----------------------------+-----
Axes           | 4 5 6 8 9 |  9.6
Armour         | 3 4 5 6 7 8 |  8.8
Fighting       | 4 5 6 8 9 |  9.3
Dodging        | 3 4 5 6 8 |  8.0
Shields        | 2 |  2.6

Action                   |  1- 3 |  4- 6 |  7- 9 | 10-12 || total
-------------------------+-------+-------+-------+-------++-------
Melee: Hand axe          |    44 |   148 |    55 |       ||   247
       Headbutt          |     3 |    22 |    69 |     4 ||    98
       War axe           |       |       |   283 |    10 ||   293
Throw: Javelin           |       |       |     4 |       ||     4
Invok: Berserk           |     1 |     2 |     7 |       ||    10
  Use: Scroll            |       |     2 |    14 |       ||    16
       Potion            |       |       |     8 |       ||     8
  Eat: Chunk             |       |    11 |    13 |       ||    24
       Ration            |       |       |     4 |       ||     4
Armor: Ring mail         |    16 |    54 |   143 |     1 ||   214
       Leather armour    |     1 |       |       |       ||     1
       Skin              |       |       |     3 |       ||     3
Dodge: Dodged            |    23 |   115 |   198 |     4 ||   340
Block: Large shield      |       |       |    64 |     7 ||    71
